cohdb
Replays
Latest Replays
All Replays
Popular Replays
Top Player Replays
Match Explorer
How It Works
Community
CoH3 Stats
Reddit
Sign in to upload your games and track your stats! →
Sign in with Steam
Match 45225531
Unlisted
Match 45225531
Overview
Messages
Build Orders
End
Panzerpioneer Squad
Panzerpioneer Squad
Selects Armored Support Battlegroup
Kradschützen Motorcycle Team
Panzerpioneer Squad
Construct Light Support Kompanie
Panzerjäger Squad
Panzerpioneer Squad
Selects Superior Fire Drills
Construct Mechanized Kompanie
Assault Mechanized Group
8 Rad Armored Car
8 Rad Armored Car
Tungsten Core Ammunition
Selects Flammpanzer III Medium Tank
Flammpanzer III Medium Tank
Panzerjäger Mechanized Group
Flammpanzer III Medium Tank
Wolfe
Tonimontana
0
0
Comments
sign in to comment!
No comments posted yet!